 Dungeon Crawl Stone Soup version 0.23.2-40-g277498a001 (webtiles) character file.

Game seed: 2722027573962537596

90668 Glamhuggeren the Peltast (level 15, -31/134 HPs)
             Began as a Minotaur Fighter on Oct 21, 2019.
             Was a High Priest of Okawaru.
             Killed from afar by a deep elf annihilator (66 damage)
             ... with a crystal spear
             ... on level 1 of the Elven Halls.
             The game lasted 01:58:05 (23519 turns).

Glamhuggeren the Peltast (Minotaur Fighter)        Turns: 23519, Time: 01:58:06

Health: -31/134    AC: 27    Str: 30    XL:     15   Next: 52%
Magic:  18/19      EV: 11    Int:  5    God:    Okawaru [*****.]
Gold:   2153       SH: 19    Dex:  8    Spells: 14/14 levels left

rFire    . . .     SeeInvis .   a - +9 war axe (chop)
rCold    . . .     Gourm    .   c - +1 shield
rNeg     . . .     Faith    .   p - +1 plate armour {MR+}
rPois    +         Spirit   .   (helmet unavailable)
rElec    .         Reflect  +   C - +2 cloak {MR+}
rCorr    .         Harm     .   E - +2 pair of gloves
MR       +++++                  M - +0 pair of boots of Tusoboos {rPois Str+3}
Stlth    ..........             F - +2 amulet of reflection
HPRegen  0.32/turn              I - ring of protection from magic
MPRegen  0.16/turn              Y - ring of protection from magic

@: about to teleport, heroism, lightly drained
A: retaliatory headbutt, claws 1, hooves 1, horns 3, clumsy 1, sense
surroundings 1
a: Heroism, Finesse, Renounce Religion


You were on level 1 of the Elven Halls.
You worshipped Okawaru.
Okawaru was extremely pleased with you.
You were not hungry.

You visited 5 branches of the dungeon, and saw 25 of its levels.
You also visited: Bailey and Ice Cave.

You collected 2363 gold pieces.
You spent 210 gold pieces at shops.

Inventory:

Hand Weapons
 a - a +9 war axe of chopping (weapon)
 b - a +2 hand crossbow of velocity
 v - a +4 morningstar of flaming
 P - the +2 mace "Antas" {freeze, Str+3}
   (Okawaru gifted it to you in an ice cave)

   It has been specially enchanted to freeze those struck by it, causing extra
   injury to most foes and up to half again as much damage against particularly
   susceptible opponents.
   It can also slow down cold-blooded creatures.
   It affects your strength (+3).
Missiles
 d - 38 tomahawks
 e - 653 stones (quivered)
 r - 4 exploding tomahawks
 A - 5 javelins
 N - 232 bolts
Armour
 c - a +1 shield (worn)
 p - a +1 plate armour of magic resistance (worn)
 y - the +2 hat "Soqimeug" {*Drain rElec rN+ Str+3}
   (You found it on level 4 of the Dungeon)

   It affects your strength (+3).
   It insulates you from electricity.
   It protects you from negative energy.
   It causes draining when unequipped.
 C - a +2 cloak of magic resistance (worn)
 E - a +2 pair of gloves (worn)
 M - the +0 pair of boots of Tusoboos (worn) {rPois Str+3}
   (Okawaru gifted it to you on level 3 of the Lair of Beasts)

   It affects your strength (+3).
   It protects you from poison.
Jewellery
 s - an uncursed ring of protection from cold
 z - an uncursed ring of resist corrosion
 F - a +2 amulet of reflection (around neck)
 I - a ring of protection from magic (left hand)
 O - an uncursed ring of protection from fire
 W - an uncursed ring of see invisible
 Y - a ring of protection from magic (right hand)
Wands
 q - a wand of digging (2)
 L - a wand of acid (29)
 U - a wand of flame (23)
Scrolls
 g - 4 scrolls of identify
 k - 5 scrolls of enchant armour
 l - 15 scrolls of remove curse
 m - 4 scrolls of blinking
 n - 13 scrolls of teleportation
 o - 2 scrolls of fear
 u - 3 scrolls of fog
 x - 7 scrolls of amnesia
 D - a scroll of summoning
 K - 2 scrolls of enchant weapon
 S - 2 scrolls of magic mapping
Potions
 j - a potion of haste
 t - 2 potions of resistance
 G - 5 potions of brilliance
 J - 2 potions of flight
 R - 3 potions of magic
Miscellaneous
 h - a phial of floods
 i - a fan of gales
Comestibles
 f - 38 rations
 w - 3 chunks of flesh


   Skills:
 + Level 12.8(17.3) Fighting
 - Level 13.3(20.5) Axes
 - Level 15.0(21.3) Maces & Flails
 - Level 10.0(14.5) Crossbows
 - Level 12.0(16.5) Armour
 + Level 2.9(7.5) Dodging
 - Level 15.0(19.6) Shields
 - Level 7.2(6.9) Invocations


You had 14 spell levels left.
You didn't know any spells.
Your spell library contained the following spells:

 Spells                   Type           Power        Failure   Level  Hunger
 Infusion                 Chrm           #...         95%         1    ##.....
 Magic Dart               Conj           #...         95%         1    ##.....
 Shock                    Conj/Air       #...         95%         1    ##.....
 Sting                    Conj/Pois      #...         95%         1    ##.....
 Blink                    Tloc           N/A          99%         2    ###....
 Call Imp                 Summ           #.......     99%         2    ###....
 Poisonous Vapours        Pois/Air       #.....       99%         2    ###....
 Shroud of Golubria       Chrm/Tloc      #.........   99%         2    ###....
 Slow                     Hex            #.......     99%         2    ###....
 Song of Slaying          Chrm           #.......     99%         2    ###....
 Swiftness                Chrm/Air       #.......     99%         2    ###....
 Conjure Flame            Conj/Fire      #.......     100%        3    ####...
 Mephitic Cloud           Conj/Pois/Air  #.......     100%        3    ####...
 Regeneration             Chrm/Necr      #.........   100%        3    ####...
 Spectral Weapon          Hex/Chrm       #.......     100%        3    ####...
 Static Discharge         Conj/Air       #.......     100%        3    ####...
 Airstrike                Air            #.........   100%        4    #####..
 Olgreb's Toxic Radiance  Pois           #.......     100%        4    #####..
 Lightning Bolt           Conj/Air       #.........   100%        5    ######.
 Venom Bolt               Conj/Pois      #.........   100%        5    ######.


Dungeon Overview and Level Annotations

Branches:
Dungeon (15/15)            Temple (1/1) D:5            Lair (6/6) D:8
 Shoals (0/4) Lair:2        Snake (0/4) Lair:3        Slime (0/5) Lair:6
    Orc (2/2) D:11            Elf (1/3) Orc:2        Vaults (0/5) D:13
 Depths: D:15

Altars:
Ashenzari
Cheibriados
Dithmenos
Elyvilon
Fedhas
Gozag
Hepliaklqana
Kikubaaqudgha
Makhleb
Nemelex Xobeh
Okawaru
Qazlal
Ru
Sif Muna
Trog
Uskayaw
Vehumet
Wu Jian
Xom
Yredelemnul
Zin
The Shining One
Beogh
Jiyva

Shops:
D:4 :   D:6 *   D:8 (   D:10 **%?   Orc:2 [((}

Annotations:
D:8 exclusions: ice statue and orange crystal statue


Innate Abilities, Weirdness & Mutations

You reflexively headbutt those who attack you in melee.
You have a pair of large horns on your head.
You have sharp fingernails.
You have large cloven feet.
You are clumsy. (Dex -2)
You passively map a small area around you.


Message History

The deep elf annihilator is heavily wounded.
You barely miss the deep elf mage.
The deep elf knight shoots an arrow.
The arrow completely misses you.
The deep elf annihilator hits you but does no damage.
A deep elf mage comes into view. It is wielding a +0 short sword.
You block the deep elf mage's attack.
The deep elf mage mumbles some strange words.
The deep elf archer shoots an arrow.
You reflect the arrow off an invisible shield around you!
The arrow hits the deep elf archer!!
The deep elf mage shouts!
You slash the deep elf annihilator!
Your headbutt misses the deep elf annihilator.
The deep elf annihilator is severely wounded.
You hit the deep elf mage.
The deep elf mage casts a spell.
The deep elf mage blinks!
The deep elf annihilator casts a spell at you.
The crystal spear hits you!!!
You die...

** #.. #...#..... ,
,*#.. #...(e#.. # #..
#..ee... .' , #..
#...... ..' #..
#....e#ยง..# , #..
#..e#e..e.# ,, #..
#.#.e....#########.#
#..@.e#..*#........#
##.(e#...###..#.#.#.#
#(.#....###..##.....#
#.....#####.#######.#
#..#### ##..# #.#
#..# ##..## ####'#
#([#####..## #.....
#.((....(#######.....
#.##[.)..'.(...'.....


You could see a deep elf annihilator, 4 deep elf archers, a deep elf knight and
4 deep elf magi.

Vanquished Creatures
  Saint Roka (Orc:2)
  2 orc warlords
  5 dire elephants (Lair:6)
  A fire dragon (D:15)
  Harold (D:11)
  2 catoblepae
  6 hydras
  4 dancing weapons (Elf:1)
  3 two-headed ogres
  An anaconda (Lair:6)
  Urug (Orc:1)
  2 deep elf knights (Elf:1)
  An iron troll (D:13)
  A shadow wraith (D:13)
  A wizard (D:13)
  2 deep elf archers (Elf:1)
  Pikel (D:6)
  2 orc knights
  A necromancer (IceCv)
  A lindwurm (D:13)
  4 orc sorcerers
  A manticore (D:15)
  30 deep elf magi (Elf:1)
  5 oklob plants
  2 cyclopes
  3 ugly things
  4 elephants (Lair:6)
  3 ice statues (IceCv)
  4 black mambas
  2 torpor snails
  An efreet (D:13)
  11 spiny frogs
  10 komodo dragons
  5 rime drakes
  10 ice devils (IceCv)
  The ghost of diiiiiane the Magician, a novice DEFE of Sif Muna (D:6)
  4 polar bears (D:9)
  A tengu conjurer (D:13)
  9 trolls
  Grinder (D:6)
  5 blink frogs (Lair:3)
  10 dream sheep (Lair:5)
  Prince Ribbit (D:6)
  6 hippogriffs
  Sigmund (D:3)
  A water elemental (D:13)
  A shadow (D:15)
  5 wraiths
  25 yaks
  3 wyverns
  A fire elemental (Elf:1)
  A basilisk (Lair:6)
  A steam dragon (D:9)
  3 hungry ghosts
  6 wargs
  Duvessa (D:7)
  8 water moccasins
  10 porcupines
  3 black bears
  41 orc warriors
  6 ice beasts
  2 sky beasts
  An eye of draining (shapeshifter) (Elf:1)
  An eye of draining (D:12)
  13 ogres
  A tengu (shapeshifter) (D:13)
  A centaur (D:15)
  13 wolves
  18 crocodiles
  17 bullfrogs
  An earth elemental (Elf:1)
  Dowan (D:7)
  5 scorpions
  4 killer bees (D:11)
  3 howler monkeys
  9 electric eels
  2 lava snakes (D:12)
  3 crimson imps
  A draconian simulacrum (IceCv)
  A bullfrog zombie (D:10)
  3 centaur zombies
  4 bullfrog skeletons
  2 jellies
  15 orc priests
  23 orc wizards
  Crazy Yiuf (D:3)
  6 hounds
  A centaur skeleton (D:6)
  4 iguanas
  Natasha (thrice) (D:4)
  A spectral killer bee (D:6)
  A troll simulacrum (IceCv)
  3 worker ants
  A spriggan simulacrum (IceCv)
  A centaur simulacrum (IceCv)
  A mummy (D:6)
  A howler monkey zombie (D:10)
  6 gnolls
  13 adders
  A howler monkey skeleton (D:8)
  2 naga simulacra (IceCv)
  4 ogre simulacra (IceCv)
  5 shadow imps
  A howler monkey simulacrum (D:9)
  3 white imps (D:9)
  A worker ant simulacrum (D:6)
  3 ufetubi (D:9)
  2 oozes
  2 adder zombies
  4 worms
  An adder simulacrum (D:9)
  7 leopard geckos
  109 orcs
  A ball python (D:6)
  11 giant cockroaches
  4 goblins
  4 hobgoblins
  11 jackals
  7 quokkas
  9 bats
  7 frilled lizards
  A giant cockroach zombie (D:5)
  A jackal skeleton (D:4)
  A jackal zombie (D:6)
  6 kobolds
  A quokka skeleton (D:4)
  7 rats
  A butterfly (Lair:2)
  A fungus (Lair:5)
  2 plants (Lair:6)
696 creatures vanquished.

Vanquished Creatures (others)
  A deep elf knight (Elf:1)
  A deep elf archer (Elf:1)
  A centaur zombie (D:13)
  3 slaves (D:6)
  4 centaurs
  A scorpion (D:6)
  A bullfrog skeleton (D:6)
  A shadow imp (D:6)
  An orc (Orc:1)
  5 fungi
  5 plants
24 creatures vanquished.

Grand Total: 720 creatures vanquished

Notes
Turn   | Place    | Note
-------+----------+-------------------------------------------
     0 | D:1      | Glamhuggeren the Minotaur Fighter began the quest for the
                  | Orb.
     0 | D:1      | Reached XP level 1. HP: 19/19 MP: 0/0
   143 | D:1      | Reached XP level 2. HP: 27/27 MP: 1/1
   768 | D:2      | Found a sparkling altar of Nemelex Xobeh.
   821 | D:2      | Reached XP level 3. HP: 32/33 MP: 2/2
   985 | D:2      | Reached XP level 4. HP: 32/41 MP: 3/3
  1557 | D:3      | Found a shattered altar of Ashenzari.
  1588 | D:3      | Found an iron altar of Okawaru.
  1588 | D:3      | Found an ancient bone altar of Kikubaaqudgha.
  1589 | D:3      | Found a deep blue altar of Sif Muna.
  1595 | D:3      | Became a worshipper of Warmaster Okawaru
  1743 | D:3      | Noticed Sigmund
  1763 | D:3      | Killed Sigmund
  1763 | D:3      | Reached skill level 5 in Fighting
  1763 | D:3      | Reached skill level 5 in Shields
  1763 | D:3      | Reached XP level 5. HP: 38/48 MP: 4/4
  1763 | D:3      | Reached XP level 6. HP: 44/56 MP: 5/5
  1783 | D:3      | Found a shimmering altar of Xom.
  1952 | D:3      | Found a runed translucent door.
  1953 | D:3      | Noticed Crazy Yiuf
  1991 | D:3      | Killed Crazy Yiuf
  2442 | D:4      | Reached skill level 5 in Axes
  2619 | D:4      | Found Emuxatoa's Book Shop.
  2657 | D:4      | Got a heavily runed hat
  2663 | D:4      | Identified the +2 hat "Soqimeug" {*Drain rElec rN+ Str+3}
                  | (You found it on level 4 of the Dungeon)
  2697 | D:4      | Found a snail-covered altar of Cheibriados.
  2809 | D:4      | Found an ornate altar of the Wu Jian Council.
  2918 | D:4      | Found a blossoming altar of Fedhas.
  2923 | D:4      | Noticed Natasha
  2927 | D:4      | Killed Natasha
  2927 | D:4      | Reached * piety under Okawaru
  2927 | D:4      | Reached XP level 7. HP: 61/61 MP: 6/6
  3034 | D:4      | Noticed Natasha
  3040 | D:4      | Killed Natasha
  3111 | D:4      | Noticed Natasha
  3116 | D:4      | Killed Natasha
  3150 | D:5      | Entered Level 5 of the Dungeon
  3173 | D:5      | Found a staircase to the Ecumenical Temple.
  3181 | Temple   | Entered the Ecumenical Temple
  3559 | D:5      | Found a stormy altar of Qazlal.
  3615 | D:5      | Found a glowing golden altar of the Shining One.
  3832 | D:5      | Found an iron altar of Okawaru.
  4242 | D:6      | Noticed Pikel
  4259 | D:6      | Killed Pikel
  4259 | D:6      | Reached ** piety under Okawaru
  4259 | D:6      | Reached XP level 8. HP: 42/69 MP: 7/7
  4279 | D:6      | Reached skill level 1 in Maces & Flails
  4348 | D:6      | Found a transporter.
  4348 | D:6      | Noticed diiiiiane's ghost (novice DEFE)
  4354 | D:6      | Found a transporter.
  4359 | D:6      | Noticed Grinder
  4372 | D:6      | Killed Grinder
  4462 | D:6      | Noticed Prince Ribbit
  4478 | D:6      | Reached *** piety under Okawaru
  4504 | D:6      | Killed Prince Ribbit
  4504 | D:6      | Reached skill level 10 in Shields
  4504 | D:6      | Reached XP level 9. HP: 26/74 MP: 5/8
  4863 | D:6      | Reached skill level 5 in Maces & Flails
  5197 | D:6      | Found Tatwuhum's Assorted Antiques.
  5461 | D:6      | Killed diiiiiane's ghost
  5646 | D:7      | Noticed Duvessa
  5646 | D:7      | Noticed Dowan
  5658 | D:7      | Killed Duvessa
  5658 | D:7      | Reached **** piety under Okawaru
  5659 | D:7      | Killed Dowan
  5969 | D:7      | Found a white marble altar of Elyvilon.
  6077 | D:8      | Found Xiorru's Magic Scroll Shop.
  6468 | D:8      | Noticed an ice statue
  6564 | D:8      | Found Gaedgh's Antique Weapon Boutique.
  6570 | D:8      | Bought a runed morningstar for 210 gold pieces
  6589 | D:8      | Reached XP level 10. HP: 81/81 MP: 9/9
  6618 | D:8      | Noticed a two-headed ogre
  6623 | D:8      | Killed a two-headed ogre
  6705 | D:8      | Found a staircase to the Lair.
  6945 | D:8      | Reached ***** piety under Okawaru
  6952 | D:8      | Noticed a two-headed ogre
  6956 | D:8      | Killed a two-headed ogre
  6956 | D:8      | Reached skill level 10 in Axes
  7047 | D:8      | Noticed an orange crystal statue
  7420 | D:9      | Reached skill level 10 in Maces & Flails
  7446 | D:9      | Received a gift from Okawaru
  7512 | D:9      | Noticed a two-headed ogre
  7527 | D:9      | Killed a two-headed ogre
  7527 | D:9      | Reached XP level 11. HP: 88/88 MP: 7/10
  7550 | D:9      | Received a gift from Okawaru
  7681 | D:9      | Found an opulent altar of Gozag.
  7937 | D:10     | Entered Level 10 of the Dungeon
  7937 | D:10     | Found Kile Dya's Assorted Antiques.
  8065 | D:10     | Found Leloch's General Store.
  8238 | D:10     | Found Vosaggeups's Magic Scroll Shoppe.
  8284 | D:10     | Found Ifuveic's Food Shop.
  8463 | D:11     | Found a staircase to the Orcish Mines.
  8463 | D:11     | Noticed a purple ugly thing
  8473 | D:11     | Killed a purple ugly thing
  8794 | D:11     | Noticed Harold
  8804 | D:11     | Killed Harold
  9263 | D:12     | Found a flagged portal.
  9291 | Bailey   | Entered a bailey
  9291 | Bailey   | Noticed an orc knight
  9291 | Bailey   | Noticed an orc knight
  9291 | Bailey   | Noticed an orc knight
  9298 | Bailey   | Noticed an orc knight
  9304 | Bailey   | Killed an orc knight
  9304 | Bailey   | Reached skill level 15 in Shields
 10409 | D:13     | Reached XP level 12. HP: 88/94 MP: 11/11
 10459 | D:13     | Received a gift from Okawaru
 10459 | D:13     | Reached skill level 1 in Invocations
 11111 | D:13     | You fall through a shaft for 2 floors!
 11111 | D:15     | Entered Level 15 of the Dungeon
 11152 | D:15     | Noticed a fire dragon
 11158 | D:15     | Killed a fire dragon
 11158 | D:15     | Reached skill level 15 in Maces & Flails
 11288 | D:13     | Got a fine chain mail
 11304 | D:13     | Received a gift from Okawaru
 11304 | D:13     | Reached skill level 5 in Invocations
 11318 | D:13     | Identified the +0 chain mail "Vairait" {*Drain +Blink rPois
                  | Stlth+} (You found it on level 13 of the Dungeon)
 11336 | D:13     | Found a gate to the Vaults.
 12189 | Lair:1   | Entered Level 1 of the Lair of Beasts
 12190 | Lair:1   | Found a frozen archway.
 12315 | IceCv    | Entered an ice cave
 13433 | IceCv    | Received a gift from Okawaru
 13433 | IceCv    | Reached XP level 13. HP: 101/101 MP: 16/16
 13434 | IceCv    | Got a translucent mace {god gift}
 13453 | IceCv    | Identified the +2 mace "Antas" {freeze, Str+3} (Okawaru
                  | gifted it to you in an ice cave)
 14399 | Lair:2   | Found a staircase to the Shoals.
 15185 | Lair:3   | Found a staircase to the Snake Pit.
 15390 | Lair:3   | Reached skill level 1 in Crossbows
 15431 | Lair:3   | Received a gift from Okawaru
 15432 | Lair:3   | Got a pair of faintly humming boots {god gift}
 15438 | Lair:3   | Identified the +0 pair of boots of Tusoboos {rPois Str+3}
                  | (Okawaru gifted it to you on level 3 of the Lair of Beasts)
 15592 | Lair:3   | Reached skill level 5 in Armour
 16268 | Lair:3   | Reached skill level 5 in Crossbows
 16725 | Lair:4   | Got a turquoise-encrusted ring mail
 16736 | Lair:4   | Identified the +2 ring mail of Wariness {MR+} (You found it
                  | on level 4 of the Lair of Beasts)
 17779 | Lair:6   | Entered Level 6 of the Lair of Beasts
 17803 | Lair:6   | Reached XP level 14. HP: 116/116 MP: 17/17
 17902 | Lair:6   | Received a gift from Okawaru
 18215 | Lair:6   | Gained mutation: You possess an exceptional clarity of
                  | mind. [potion of mutation]
 18215 | Lair:6   | Gained mutation: You have a pair of large horns on your
                  | head. [potion of mutation]
 18215 | Lair:6   | Gained mutation: You do not regenerate when monsters are
                  | visible. [potion of mutation]
 18215 | Lair:6   | Gained mutation: You passively map a small area around you.
                  | [potion of mutation]
 18216 | Lair:6   | Lost mutation: You do not regenerate when monsters are
                  | visible. [potion of mutation]
 18216 | Lair:6   | Lost mutation: You possess an exceptional clarity of mind.
                  | [potion of mutation]
 18216 | Lair:6   | Gained mutation: You are clumsy. (Dex -2) [potion of
                  | mutation]
 18216 | Lair:6   | Gained mutation: You have large cloven feet. [potion of
                  | mutation]
 18216 | Lair:6   | Gained mutation: You have sharp fingernails. [potion of
                  | mutation]
 18272 | Lair:6   | Found a staircase to the Slime Pits.
 18272 | Lair:6   | Found a viscous altar of Jiyva.
 18285 | Lair:6   | Received a gift from Okawaru
 19162 | Lair:6   | Received a gift from Okawaru
 19419 | Orc:1    | Entered Level 1 of the Orcish Mines
 19555 | Orc:2    | Entered Level 2 of the Orcish Mines
 19555 | Orc:2    | Found a staircase to the Elven Halls.
 19583 | Orc:2    | Noticed an orc warlord
 19587 | Orc:2    | Received a gift from Okawaru
 19605 | Orc:2    | Reached skill level 10 in Crossbows
 19606 | Orc:2    | Killed an orc warlord
 19606 | Orc:2    | Reached skill level 10 in Fighting
 19884 | Orc:2    | Found a roughly hewn altar of Beogh.
 19947 | Orc:2    | Found a roughly hewn altar of Beogh.
 20047 | Orc:2    | Noticed Saint Roka
 20059 | Orc:2    | Received a gift from Okawaru
 20069 | Orc:2    | Found a roughly hewn altar of Beogh.
 20069 | Orc:2    | Found Reghercha's Antique Armour Boutique.
 20363 | Orc:2    | HP: 2/122 [Saint Roka/+4 battleaxe of distortion (21)]
 20471 | Orc:1    | Noticed an orc warlord
 20899 | Orc:1    | Killed an orc warlord
 20980 | Orc:2    | Found a roughly hewn altar of Beogh.
 20980 | Orc:2    | Found Leogg's Gadget Shop.
 21272 | Orc:2    | Found Upli's Antique Weapon Shop.
 21293 | Orc:2    | Killed Saint Roka
 21293 | Orc:2    | Reached skill level 10 in Armour
 21293 | Orc:2    | Reached XP level 15. HP: 40/129 MP: 17/19
 21297 | Orc:2    | Found a roughly hewn altar of Beogh.
 21608 | Orc:2    | Found a roughly hewn altar of Beogh.
 21738 | Orc:2    | Found a roughly hewn altar of Beogh.
 21739 | Orc:2    | Found Ifedekaz's Weapon Shoppe.
 21832 | Orc:1    | Noticed Urug
 21837 | Orc:1    | Killed Urug
 21996 | Elf:1    | Entered Level 1 of the Elven Halls
 22344 | Elf:1    | Found a radiant altar of Vehumet.
 22993 | Elf:1    | Received a gift from Okawaru
 23007 | Elf:1    | Reached skill level 1 in Dodging
 23045 | Elf:1    | Received a gift from Okawaru
 23045 | Elf:1    | HP: 6/134 [deep elf knight/stone arrow (14)]
 23519 | Elf:1    | Killed from afar by a deep elf annihilator

Skill      XL: |  1  2  3  4  5  6  7  8  9 10 11 12 13 14 15 |
---------------+----------------------------------------------+-----
Armour         | 4 6 10 12 | 12.0
Shields        | 4 5 6 9 10 11 13 15 | 15.0
Fighting       | 4 5 8 11 12 | 12.8
Axes           | 3 4 5 8 9 10 12 13 | 13.3
Maces & Flails | 4 7 10 13 15 | 15.0
Invocations    | 6 7 |  7.2
Crossbows      | 7 10 | 10.0
Dodging        | 2 |  2.9

Action                   |  1- 3 |  4- 6 |  7- 9 | 10-12 | 13-15 || total
-------------------------+-------+-------+-------+-------+-------++-------
Melee: War axe           |    11 |       |       |   122 |   797 ||   930
       Short sword       |    73 |   104 |    92 |       |       ||   269
       Headbutt          |     3 |    13 |    78 |   143 |   184 ||   421
       Whip              |       |       |   135 |       |       ||   135
       Hand axe          |       |       |    96 |       |       ||    96
       Morningstar       |       |       |     2 |   497 |    42 ||   541
 Fire: Hand crossbow     |       |       |       |       |    11 ||    11
Throw: Stone             |     3 |     1 |     5 |     6 |     1 ||    16
Invok: Heroism           |       |       |     5 |    24 |    23 ||    52
       Finesse           |       |       |       |     3 |     8 ||    11
Evoke: Wand              |       |       |       |       |     3 ||     3
  Use: Potion            |       |     2 |     7 |     7 |    19 ||    35
       Scroll            |       |       |    15 |    13 |    11 ||    39
 Stab: Invisible         |       |       |       |       |     2 ||     2
       Petrifying        |       |       |       |       |     1 ||     1
       Petrified         |       |       |       |       |     1 ||     1
  Eat: Chunk             |       |     7 |     8 |    18 |    31 ||    64
       Ration            |       |       |     1 |     2 |       ||     3
Armor: Scale mail        |    39 |    40 |    62 |       |       ||   141
       Plate armour      |       |       |       |    33 |    44 ||    77
       Troll leather arm |       |       |       |    44 |       ||    44
       Skin              |       |       |       |     1 |       ||     1
       Chain mail        |       |       |       |   102 |   114 ||   216
Dodge: Dodged            |    25 |    24 |    67 |   120 |   117 ||   353
Block: Shield            |    33 |     9 |    57 |   434 |   462 ||   995
       Buckler           |       |    16 |    57 |       |       ||    73
       Reflection        |       |       |     2 |    22 |    50 ||    74
